 Dungeon Crawl Stone Soup version 0.22-a0-872-g6a232dd (webtiles) character file.

346 suicidejoker the Sneak (level 6, -4/42 HPs)
             Began as an Octopode Assassin on July 29, 2018.
             Slain by colesbury's ghost (20 damage)
             ... on level 4 of the Dungeon.
             The game lasted 00:12:04 (3508 turns).

suicidejoker the Sneak (Octopode Assassin)          Turns: 3508, Time: 00:12:06

Health: -4/42      AC:  1    Str: 12    XL:     6   Next: 59%
Magic:  6/6        EV:  9    Int: 14    God:
Gold:   144        SH: 11    Dex: 13    Spells: 5/5 levels left

rFire    . . .     SeeInvis .   p - +2 long sword (slice)
rCold    + . .     Gourm    .   m - +0 large shield
rNeg     . . .     Faith    .   (helmet restricted)
rPois    +         Spirit   .   (no amulet)
rElec    .         Reflect  .   e - ring of poison resistance
rCorr    .         Harm     .   k - ring of teleportation (curse)
MR       .....     Rnd*Tele +   q - ring of protection from cold
Stlth    +++++.....             (no ring)
HPRegen  0.14/turn              (no ring)
MPRegen  0.10/turn              (no ring)
                                (no ring)
                                (no ring)

@: no status effects
A: almost no armour, stealthy swim, amphibious, 8 rings, constrict 8, camouflage
1, gelatinous body 1
a: no special abilities


You were on level 4 of the Dungeon.
You were very hungry.

You visited 1 branch of the dungeon, and saw 4 of its levels.

You collected 144 gold pieces.

Inventory:

Hand Weapons
 a - a +2 dagger
 b - a +0 blowgun
 j - a +1 mace of venom
 p - a +2 long sword of slicing (weapon)
Missiles
 c - 8 poisoned needles
 d - 4 curare-tipped needles
 h - 4 needles of sleeping
 v - 3 needles of frenzy
Armour
 m - a +0 large shield (worn)
Jewellery
 e - a ring of poison resistance (left tentacle)
 k - a cursed ring of teleportation (right tentacle)
 q - a ring of protection from cold (on tentacle)
Wands
 o - a wand of iceblast (12)
Scrolls
 g - 5 scrolls of identify
 i - 2 scrolls of teleportation
 t - a scroll of noise {unknown}
 w - a scroll of enchant weapon {unknown}
Potions
 l - a potion of invisibility
 n - 2 potions of brilliance {unknown}
 r - a potion of curing {unknown}
 s - a potion of cancellation {unknown}
 u - a potion of heal wounds {unknown}
Comestibles
 f - 6 rations


   Skills:
 + Level 3.3 Fighting
 + Level 3.3(3.5) Short Blades
 + Level 1.4(2.6) Long Blades
 - Level 2.0 Throwing
 + Level 2.1 Dodging
 * Level 7.7 Stealth
 + Level 1.7 Shields


You had 5 spell levels left.
You didn't know any spells.
Your spell library was empty.

Dungeon Overview and Level Annotations

Branches:
Dungeon (4/15)
 Temple: D:4-7

Altars:
Okawaru

Annotations:
D:4 colesbury's ghost, amateur DrFE


Innate Abilities, Weirdness & Mutations

You cannot wear most types of armour.
You are very stealthy in the water. (Stealth+)
You are amphibious.
You can wear up to eight rings at the same time.
You can use your tentacles to constrict eight enemies at once.
Your skin changes colour to match your surroundings (Stealth+).
Your rubbery body absorbs attacks. (AC +1, EV +1)


Message History

You block the bullfrog's attack. The adder bites you.
The bullfrog closely misses you.
You riposte.
You hit the bullfrog.
The bullfrog is moderately wounded.
The adder barely misses you.
You hit the bullfrog.
The bullfrog is heavily wounded.
You constrict the bullfrog. The bullfrog hits you! The adder bites you.
The bullfrog barely misses you. You block the adder's attack.
You block colesbury's ghost's attack.
You slash the bullfrog!
You kill the bullfrog!
The adder barely misses you. The ball python bites you.
You block the ball python's attack. You block colesbury's ghost's attack.
You hit colesbury's ghost. Your squeeze misses colesbury's ghost.
Colesbury's ghost is lightly damaged.
The adder closely misses you.
You riposte.
You barely miss the adder. Your grab misses the adder.
You block the ball python's attack. The ball python closely misses you.
Colesbury's ghost hits you! Space warps horribly around you!
You die...

>................##.##
...........##....##..#
#...........[...###.#
#..............####.#
#............#.#.....
#....................
#..............#.....
#............#.......
....##@##......#.......
. #SSW#.........#..##
#≈l≈#...........##
#≈w≈#.#.#.#......#
#≈≈≈#.#..........#
#≈(≈#.....#......##
#≈≈≈##............#
#≈≈≈##.............
#...#.......###


You could see a worm, colesbury's ghost, an adder, a leopard gecko and a ball
python.

Vanquished Creatures
  A bullfrog (D:4)
  A scorpion (D:4)
  A worker ant (D:4)
  A hound skeleton (D:3)
  5 adders
  3 gnolls (D:3)
  2 oozes
  2 worms
  3 dart slugs (D:1)
  3 leopard geckos
  4 orcs (D:3)
  3 giant cockroaches
  4 hobgoblins
  16 jackals
  10 kobolds
  2 quokkas
  2 ball pythons
  7 bats
  11 frilled lizards
  11 goblins
  13 rats
105 creatures vanquished.

Notes
Turn   | Place    | Note
-------+----------+-------------------------------------------
     0 | D:1      | suicidejoker the Octopode Assassin began the quest for the Orb.
     0 | D:1      | Reached XP level 1. HP: 14/14 MP: 1/1
    98 | D:1      | Reached XP level 2. HP: 18/19 MP: 2/2
   345 | D:1      | Reached skill level 6 in Stealth
   354 | D:1      | Reached XP level 3. HP: 25/25 MP: 3/3
  1125 | D:2      | Reached XP level 4. HP: 30/30 MP: 4/4
  2023 | D:3      | Reached skill level 1 in Shields
  2023 | D:3      | Reached XP level 5. HP: 35/36 MP: 5/5
  2025 | D:3      | Reached skill level 7 in Stealth
  2743 | D:3      | Found an iron altar of Okawaru.
  2828 | D:3      | Reached skill level 1 in Long Blades
  3188 | D:4      | Reached XP level 6. HP: 14/42 MP: 6/6
  3189 | D:4      | Found a runed door.
  3501 | D:4      | Noticed colesbury's ghost (amateur DrFE)
  3508 | D:4      | Slain by colesbury's ghost

Vault maps used:
D:1:      minmay_arrival_open_corners, st_stairs_13
D:2:      minivault_11
D:3:      minmay_crystal_room, okawaru_ov_weapons_minmay
D:4:      ebering_ghost_sewer_f, first_ration, nicolae_ru_path_of_blood,
          uniq_edmund

Skill      XL: |  1  2  3  4  5  6 |
---------------+-------------------+-----
Stealth        | 6 7 |  7.7
Shields        | 1 |  1.7
Fighting       | 3 |  3.3
Short Blades   | 3 |  3.3
Long Blades    | 1 |  1.4
Dodging        | 2 |  2.1
Throwing       | |  2.0

Action                   |  1- 3 |  4- 6 || total
-------------------------+-------+-------++-------
Melee: Dagger            |    79 |    49 ||   128
       Constrict         |    18 |    33 ||    51
       Tentacles         |    13 |    21 ||    34
       Long sword        |       |    80 ||    80
  Use: Scroll            |     3 |     2 ||     5
       Potion            |       |     1 ||     1
 Stab: Sleeping          |    14 |    23 ||    37
       Invisible         |       |     2 ||     2
  Eat: Chunk             |       |     7 ||     7
Armor: Skin              |     7 |     2 ||     9
Dodge: Dodged            |    38 |    42 ||    80
Block: Large shield      |     1 |    66 ||    67
       Rpst.: Long sword |       |     5 ||     5

Table legend:
 A = Spawn XP
 B = Non-spawn XP
 C = Spawn XP percentage of total XP
 D = Spawn monster count
 E = Non-spawn monster count
 F = Spawn count percentage of total count
 G = Total turns spent on level
                    A         B        C        D         E        F      G
               +---------+---------+-------+---------+---------+-------+---------
         Total |       0 |     495 |   0.0 |       0 |     105 |   0.0 |  3508
               +---------+---------+-------+---------+---------+-------+---------
           D:1 |       0 |      61 |   0.0 |       0 |      35 |   0.0 |  1042
           D:2 |       0 |      96 |   0.0 |       0 |      29 |   0.0 |   971
           D:3 |       0 |     138 |   0.0 |       0 |      36 |   0.0 |  1121
           D:4 |       0 |     200 |   0.0 |       0 |       5 |   0.0 |   374
               +---------+---------+-------+---------+---------+-------+---------
